 Dungeon Crawl Stone Soup version 0.29.1-15-g9cfb28693d (webtiles) character file.

Game seed: 3545228803639260540

73 leafyfresh the Sneak (level 4, -1/33 HPs)
             Began as an Octopode Delver on Mar 5, 2023.
             Slain by a jelly (3 damage)
             ... on level 5 of the Dungeon.
             The game lasted 00:00:35 (197 turns).

leafyfresh the Sneak (Octopode Delver)               Turns: 197, Time: 00:00:35

Health: -1/33      AC: -7    Str: 11    XL:     4   Next: 27%
Magic:  4/4        EV: 13    Int: 14    God:
Gold:   14         SH:  0    Dex: 13    Spells: 3/3 levels left

rFire   . . .      SeeInvis .   a - +0 short sword
rCold   . . .      Faith    .   (no shield)
rNeg    . . .      Spirit   .   (helmet restricted)
rPois   .          Reflect  .   (no amulet)
rElec   .          Harm     .   (no ring)
rCorr   .          Rampage  .   (no ring)
Will    .....                   (no ring)
Stlth   ++++......              (no ring)
HPRegen 0.11/turn               (no ring)
MPRegen 0.09/turn               (no ring)
                                (no ring)
                                (no ring)

@: corroded
A: almost no armour, amphibious, 8 rings, camouflage 1, gelatinous body 1,
(nimble swimmer 1), tentacles
a: no special abilities


You were on level 5 of the Dungeon.
You visited 1 branch of the dungeon, and saw 1 of its levels.

You collected 14 gold pieces.

Inventory:

Hand Weapons
 a - a +0 short sword (weapon)
Wands
 f - a wand of digging (3)
Scrolls
 b - a scroll of fog
 c - a scroll of magic mapping
Potions
 e - a potion of haste
 g - a potion of lignification {unknown}


   Skills:
 + Level 3.7 Fighting
 - Level 2.0 Short Blades
 + Level 3.0 Dodging
 + Level 7.4 Stealth


You had 3 spell levels left.
You didn't know any spells.
Your spell library was empty.

Dungeon Overview and Level Annotations

Branches:
Dungeon (5/15)
 Temple: D:4-7

Altars:


Innate Abilities, Weirdness & Mutations

You cannot wear most types of armour.
You are amphibious.
You can wear up to eight rings at the same time.
Your skin changes colour to match your surroundings (Stealth+).
Your rubbery body absorbs attacks. (AC +1, EV +1)
((You are camouflaged when in or above water. (Stealth+)))
You have tentacles for arms and can constrict up to eight enemies at once.


Message History

The orc hits you with a +0 flail!
* * * LOW HITPOINT WARNING * * *
You closely miss the orc. Your grab misses the orc.
The orc is moderately wounded.
The orc closely misses you.
Unknown command.
As you read the scroll of fear, it crumbles to dust.
You assume a fearsome visage.
The shadow imp looks frightened!
The orc looks frightened!
Unknown command.
You see here 3 stones.
You start resting.
A jelly comes into view.
A jelly is nearby!
A jelly is nearby!
A jelly is nearby!
You start resting.
A shadow imp is nearby!
A shadow imp is nearby!
A shadow imp is nearby!
A shadow imp is nearby!
You start resting.
A jelly is nearby!
A jelly is nearby!
A jelly is nearby!
A jelly is nearby!
The jelly completely misses you.
You hit the jelly but do no damage. The acid corrodes you!
Your tentacles burn!
You squeeze the jelly!
The jelly is heavily wounded.
The jelly hits you. The acid corrodes you!
You are splashed with acid!
* * * LOW HITPOINT WARNING * * *
You are too injured to fight recklessly!
You are too injured to fight recklessly!
Unknown command.
You hit the jelly but do no damage.
Your tentacles burn!
* * * LOW HITPOINT WARNING * * *
The jelly is heavily wounded.
The jelly hits you.
You die...

#.............
#.####........
#.####........
#.#...........
#.#.##........
###.#5##>.......
#...............
#J###.#.########
#@###.#.#
#.##..#.#
#.##.##)#
#.##.##.#
#...(...#
#.......#
#.##.##.#
#.##.##.#
#.##.##.#


You could see a jelly.

Vanquished Creatures
  A scorpion (D:5)
  An adder (D:5)
  4 orcs (D:5)
6 creatures vanquished.

Notes
Turn   | Place    | Note
-------+----------+-------------------------------------------
     0 | D:5      | leafyfresh the Octopode Delver began the quest for the Orb.
     0 | D:5      | Reached XP level 1. HP: 16/16 MP: 1/1
    28 | D:5      | Noticed a scorpion
    33 | D:5      | Reached XP level 2. HP: 21/21 MP: 2/2
    42 | D:5      | Killed a scorpion
    43 | D:5      | Reached skill level 7 in Stealth
    43 | D:5      | Reached XP level 3. HP: 12/27 MP: 3/3
    43 | D:5      | Reached XP level 4. HP: 14/33 MP: 4/4
   197 | D:5      | HP: 1/33 [acid (3)]
   197 | D:5      | Slain by a jelly

Illustrated notes

Levels and vault maps discovered:
D:5:      layout_loops_cross, minmay_temple_entry_fiery

Skill      XL: |  1  2 |
---------------+-------+-----
Dodging        | 3 |  3.0
Stealth        | 7 |  7.4
Fighting       | |  3.7
Short Blades   | |  2.0

Action                   |  1- 3 |  4- 6 || total
-------------------------+-------+-------++-------
Melee: Short sword       |    14 |     7 ||    21
       Tentacles         |     5 |     2 ||     7
       Constrict         |     5 |     1 ||     6
  Use: Scroll            |       |     1 ||     1
Dodge: Dodged            |     7 |     3 ||    10
